 Dungeon Crawl Stone Soup version 0.31-a0-237-g2d982f9f85 (webtiles) character file.

Game seed: 6559028258357436476

148755 ForestMusic the Executioner (level 16, 0/152 HPs)
             Began as a Minotaur Berserker on July 10, 2023.
             Was the Champion of Trog.
             Splashed by an acid blob's acid (11 damage)
             ... on level 5 of the Pits of Slime on July 12, 2023.
             The game lasted 01:48:27 (20580 turns).

ForestMusic the Executioner (Minotaur Berserker)   Turns: 20580, Time: 01:48:28

Health: 0/152      AC: 32    Str: 34    XL:     16   Next: 65%
Magic:  20/20      EV: 20    Int:  3    God:    Trog [******]
Gold:   1641       SH:  0    Dex:  6    Spells: 15/15 levels left

rFire   . . .        N - +2 executioner's axe (heavy)
rCold   . . .        (shield currently unavailable)
rNeg    + . .        L - +19 crystal plate armour of the Baleful Stag {rPois rF+ rN+}
rPois   +            X - +2 hat
rElec   .            K - +0 cloak
rCorr   .            (no gloves)
SInv    .            A - +2 pair of boots {Fly}
Will    +++..        j - amulet of the acrobat Stlth
                     c - ring "Arghy" {Will+ MP+9 EV+5 Str+8 Int-3}
HPRegen 0.45/turn    k - +5 ring of evasion
MPRegen 0.17/turn

%: acrobat
@: confused, marked, corroded, flying, unable to read
A: horns 2, retaliatory headbutt, clumsy 2, low MP 2, strong-willed 1, screaming
1, weak 1, heat vulnerability 1, inability to read after injury 1, devolution 2
}: 1/15 runes: gossamer
a: Renounce Religion, Berserk, Trog's Hand, Brothers in Arms


You were on level 5 of the Pits of Slime.
You worshipped Trog.
Trog was exalted by your worship.
You visited 4 branches of the dungeon, and saw 23 of its levels.
You also visited: Ossuary and Bailey.

You collected 1641 gold pieces.

Inventory:

Hand Weapons
 z - a +6 battleaxe of freezing
 F - a +3 antimagic battleaxe
 J - a +2 spear of flaming
 N - a +2 heavy executioner's axe (weapon)
 S - a +4 battleaxe
Missiles
 h - 2 throwing nets
Armour
 A - a +2 pair of boots of flying (worn)
 G - a +0 buckler of protection
 K - a +0 cloak (worn)
 L - the +19 crystal plate armour of the Baleful Stag (worn) {rPois rF+ rN+}
   (You acquired it on level 1 of the Lair of Beasts)

   rF:        It protects you from fire.
   rPois:     It protects you from poison.
   rN:        It protects you from negative energy.
 V - a +0 kite shield of reflection
 X - a +2 hat (worn)
Jewellery
 a - a ring of see invisible
 c - the ring "Arghy" (left hand) {Will+ MP+9 EV+5 Str+8 Int-3}
   (You acquired it on level 1 of the Dungeon)

   [ring of evasion]

   EV:        It affects your evasion (+5).
   Str:       It affects your strength (+8).
   Int:       It affects your intelligence (-3).
   MP:        It affects your magic capacity (+9).
   Will:      It increases your willpower.
 j - an amulet of the acrobat (around neck)
 k - a +5 ring of evasion (right hand)
 T - a ring of ice
Wands
 p - a wand of acid (3)
 t - a wand of roots (13)
 y - a wand of mindburst (28)
 O - a wand of flame (31)
 U - a wand of paralysis (4)
 W - a wand of polymorph (4)
Scrolls
 b - 4 scrolls of noise
 q - 6 scrolls of teleportation
 r - 6 scrolls of vulnerability
 u - 4 scrolls of fear
 w - 3 scrolls of fog
 C - 3 scrolls of revelation
 D - 4 scrolls of blinking
 H - a scroll of poison
 I - a scroll of brand weapon
 R - a scroll of enchant weapon
Potions
 e - 5 potions of ambrosia
 f - 3 potions of invisibility
 g - 6 potions of curing
 i - a potion of resistance
 l - 4 potions of enlightenment
 m - 3 potions of brilliance
 n - 3 potions of attraction
 o - 3 potions of might
 s - 4 potions of degeneration
 v - 2 potions of haste
 x - 3 potions of magic
 B - 2 potions of berserk rage
 E - 4 potions of mutation
 M - 4 potions of heal wounds
 Q - 2 potions of lignification {unknown}
Miscellaneous
 d - a phantom mirror
 P - a lightning rod (4/4)


   Skills:
 + Level 16.3 Fighting
 + Level 21.5 Axes
 + Level 18.7 Armour
 + Level 14.9 Dodging


You had 15 spell levels left.
You didn't know any spells.
Your spell library contained the following spells:

 Spells                   Type           Power      Damage    Failure   Level
 Kiss of Death            Conj/Necr      0%         2d5       99%         1
 Confusing Touch          Hex            0%         N/A       100%        3
 Gell's Gravitas          Tloc           0%         N/A       100%        3
 Teleport Other           Tloc           0%         N/A       100%        3
 Dispel Undead            Necr           0%         3d6       100%        4
 Dispersal                Tloc           0%         N/A       100%        6
 Borgnjor's Revivificati  Necr           0%         N/A       100%        8
 Necromutation            Tmut/Necr      0%         N/A       100%        8
 Death's Door             Necr           0%         N/A       100%        9


Dungeon Overview and Level Annotations

Branches:
Dungeon (10/15)            Temple (0/1) D:4            Lair (4/5) D:8
 Shoals (0/4) Lair:3       Spider (4/4) Lair:2        Slime (5/5) Lair:4
Ossuary (visited)          Bailey (visited)
    Orc: D:9-12

Altars:
Ashenzari
Okawaru
Jiyva

Annotations:
Slime:5 Royal Jelly


Innate Abilities, Weirdness & Mutations

You have a pair of horns on your head.
You reflexively headbutt those who attack you in melee.
You are very clumsy. (Dex -4)
Your magical capacity is very low. (-20% MP)
You are strong-willed. (Will+)
You occasionally shout uncontrollably at your foes.
You are weak. (Str -2)
You are vulnerable to heat. (rF-)
You occasionally lose the ability to read scrolls when taking damage.
You have terrible hidden genetic defects.


Message History

The splash of acid hits the slime creature!!
The acid corrodes the slime creature!
The acid blob hits your cyclops!!!
Your cyclops dies!
Your cyclops's corpse disappears in a puff of smoke!
The acid blob spits acid at you.
The splash of acid hits you but does no damage.
The golden eye blinks!
Two slime creatures merge to form a large slime creature.
The titanic slime creature completely misses you.
The slime creature completely misses you.
The golden eye blinks at you.
You are more confused.
The slime creature attacks as you move away!
The slime creature hits you but does no damage.
The great orb of eyes completely misses you.
The great orb of eyes pulsates ominously.
The acid blob spits acid at you. The splash of acid misses you.
The acid blob closely misses you. The golden eye blinks at you.
You resist with almost no effort. The golden eye blinks at you.
You resist with almost no effort. The golden eye blinks at you.
You resist with almost no effort. The acid blob completely misses you.
The acid blob spits acid at you.
The splash of acid hits you but does no damage.
The acid corrodes you! The shining eye gazes at you.
Strange energies course through your body.
You feel vulnerable to heat.
You hit the titanic slime creature but do no damage.
You headbutt the titanic slime creature.
The titanic slime creature is severely wounded.
You closely miss the acid blob. You closely miss the great orb of eyes.
You closely miss the acid blob.
The golden eye blinks!
The acid blob jiggles.
The acid blob hits you!
* * * LOW HITPOINT WARNING * * *
The acid corrodes you!
You are splashed with acid!
You die...

............#.#........##
.........................#
..........................##
......................<.....
............................
............................
............................
........JJG.................
.......J.JJ@.G..............
.......J.GJJ.............#..
....G..J.J§..............###
.........JJG...........### #
......GGG..............#
.......G................#
.......................##
.........................#
..#......................#


You could see the Royal Jelly, 5 acid blobs, an azure jelly, 3 great orbs of
eyes, a titanic slime creature, 2 large slime creatures, 2 slime creatures, 3
shining eyes, a glowing orange brain and 2 golden eyes.

Vanquished Creatures
  Arachne (Spider:3)
  Asterion (Spider:3)
  7 acid blobs
  Gastronok (Lair:3)
  Donald (Spider:3)
  Roxanne (Spider:3)
  5 azure jellies
  3 rockslimes
  2 emperor scorpions (Spider:4)
  2 ghost moths (Spider:4)
  An orc warlord (Bailey)
  5 quicksilver oozes
  5 formless jellyfish
  4 broodmothers (Spider:4)
  A dire elephant (Lair:1)
  A spark wasp (Spider:3)
  2 entropy weavers
  A great orb of eyes (Slime:2)
  2 hydras
  A jorogumo (Spider:4)
  3 radroaches
  4 two-headed ogres
  5 boulder beetles
  3 death yaks (Lair:1)
  5 demonic crawlers
  Nergalle (Lair:1)
  Amaemon (Lair:1)
  4 pharaoh ants
  A skyshark (Lair:1)
  A sun moth (Spider:4)
  5 orb spiders
  A lindwurm (Lair:1)
  6 steelbarb worms
  12 wolf spiders
  A manticore (Lair:3)
  5 shining eyes
  3 moths of wrath
  17 elephants
  A black mamba (Lair:2)
  2 torpor snails (Spider:4)
  An orange demon (Lair:1)
  11 cane toads
  5 komodo dragons
  4 rime drakes
  6 meliai (Spider:3)
  A troll (D:10)
  2 polar bears
  A wind drake (Lair:3)
  10 hornets
  26 tarantellas
  22 blink frogs
  42 slime creatures
  21 jumping spiders
  6 wyverns
  17 culicivoras
  A spriggan (Lair:2)
  33 yaks
  5 basilisks
  A steam dragon (D:8)
  31 redbacks
  12 water moccasins
  10 orc warriors
  5 ice beasts
  3 black bears
  2 ogres
  20 wolves
  3 centaurs
  5 kobold brigands
  2 elf zombies (Ossuary)
  2 gnoll sergeants
  15 bullfrogs
  2 scorpions
  10 wights (D:6)
  3 killer bees (D:9)
  2 electric eels
  5 howler monkeys
  A centaur zombie (Ossuary)
  2 hounds
  6 jellies
  A gnoll bouda (D:7)
  An orc priest (D:7)
  A sleepcap (D:7)
  5 iguanas
  5 orc wizards
  3 mummies
  22 gnolls
  6 adders
  A shadow imp (D:7)
  2 white imps (D:6)
  2 worms
  2 dart slugs
  31 orcs
  5 bats
  11 endoplasms
  2 giant cockroaches
  11 hobgoblins
  3 jackals (D:5)
  A quokka (D:4)
  7 ball pythons
  6 frilled lizards
  A gnoll zombie (Ossuary)
  17 goblins
  5 goblin zombies
  4 hobgoblin zombies (Ossuary)
  27 kobolds
  3 orc zombies (Ossuary)
  8 rats
677 creatures vanquished.

Vanquished Creatures (collateral kills)
  An acid blob (Slime:5)
1 creature vanquished.

Vanquished Creatures (others)
  A steelbarb worm (Spider:3)
1 creature vanquished.

Grand Total: 679 creatures vanquished

Notes
Turn   | Place    | Note
-------+----------+-------------------------------------------
     0 | D:1      | ForestMusic the Minotaur Berserker began the quest for the
                  | Orb.
     0 | D:1      | Reached XP level 1. HP: 19/19 MP: 0/0
   129 | D:1      | Reached skill level 4 in Axes
   303 | D:1      | Identified a scroll of acquirement
   303 | D:1      | Acquired the ring "Arghy" {Will+ MP+9 EV+5 Str+8 Int-3}
   315 | D:1      | Reached XP level 2. HP: 26/26 MP: 1/1
   516 | D:1      | Found a faded altar of an unknown god.
   765 | D:1      | Reached ** piety under Trog
  1168 | D:2      | Reached skill level 5 in Axes
  1176 | D:2      | Reached XP level 3. HP: 31/31 MP: 2/2
  2205 | D:3      | Identified the +0 ring mail of the Land of Plenty {rElec
                  | rCorr Str+3}
  2238 | D:3      | Reached skill level 6 in Axes
  2238 | D:3      | Reached XP level 4. HP: 38/39 MP: 3/3
  2398 | D:3      | Found an iron altar of Okawaru.
  2668 | D:4      | Noticed an ogre
  2692 | D:4      | Killed an ogre
  2693 | D:4      | Reached skill level 7 in Axes
  2693 | D:4      | Reached XP level 5. HP: 45/45 MP: 4/4
  2717 | D:4      | Reached skill level 8 in Axes
  2734 | D:4      | Reached XP level 6. HP: 47/51 MP: 5/5
  2800 | D:4      | Found a staircase to the Ecumenical Temple.
  2829 | D:4      | Reached *** piety under Trog
  3091 | D:4      | Reached skill level 9 in Axes
  3161 | D:4      | Found a broken altar of Ashenzari.
  3393 | D:5      | Entered Level 5 of the Dungeon
  3472 | D:5      | Noticed an ice beast
  3475 | D:5      | Noticed an ice beast
  3484 | D:5      | Killed an ice beast
  3485 | D:5      | Reached XP level 7. HP: 43/57 MP: 6/6
  3494 | D:5      | Reached skill level 10 in Axes
  4053 | D:5      | Reached skill level 11 in Axes
  4438 | D:6      | Reached XP level 8. HP: 64/64 MP: 7/7
  4570 | D:6      | Reached skill level 12 in Axes
  4649 | D:6      | Reached skill level 13 in Axes
  5064 | D:6      | Reached skill level 14 in Axes
  5323 | D:7      | Reached XP level 9. HP: 44/70 MP: 8/8
  5335 | D:7      | Reached **** piety under Trog
  5339 | D:7      | Reached skill level 15 in Axes
  5646 | D:7      | Acquired a +2 pair of boots of flying
  6008 | D:8      | Found a sand-covered staircase.
  6014 | Ossuary  | Entered an ossuary
  6273 | D:8      | Reached skill level 5 in Fighting
  6405 | D:8      | Found a staircase to the Lair.
  6578 | D:8      | Reached XP level 10. HP: 81/81 MP: 9/9
  7070 | D:9      | Reached skill level 16 in Axes
  7072 | D:9      | Reached skill level 5 in Armour
  7232 | D:9      | Reached ***** piety under Trog
  7267 | D:9      | Found a flagged portal.
  7280 | Bailey   | Entered a bailey
  7310 | Bailey   | Reached skill level 5 in Dodging
  7477 | Bailey   | Noticed an orc warlord
  7480 | Bailey   | Received a gift from Trog
  7490 | Bailey   | Killed an orc warlord
  7729 | Bailey   | Reached XP level 11. HP: 92/92 MP: 10/10
  7810 | D:9      | Noticed a two-headed ogre
  7816 | D:9      | Killed a two-headed ogre
  8215 | D:10     | Entered Level 10 of the Dungeon
  8391 | D:10     | Reached XP level 12. HP: 101/101 MP: 11/11
  8447 | D:10     | Noticed a two-headed ogre
  8456 | D:10     | Killed a two-headed ogre
  9022 | D:10     | Noticed a two-headed ogre
  9023 | D:10     | Noticed a two-headed ogre
  9036 | D:10     | Killed a two-headed ogre
  9039 | D:10     | Killed a two-headed ogre
  9040 | D:10     | Reached skill level 17 in Axes
  9397 | Lair:1   | Entered Level 1 of the Lair of Beasts
  9399 | Lair:1   | Noticed Amaemon
  9407 | Lair:1   | Noticed Nergalle
  9432 | Lair:1   | Noticed a boulder beetle
  9434 | Lair:1   | Noticed a death yak
  9439 | Lair:1   | Noticed a death yak
  9448 | Lair:1   | Killed a death yak
  9450 | Lair:1   | Killed Nergalle
  9473 | Lair:1   | Killed a death yak
  9490 | Lair:1   | Reached skill level 10 in Fighting
  9509 | Lair:1   | Killed Amaemon
  9511 | Lair:1   | Killed a boulder beetle
  9512 | Lair:1   | Reached XP level 13. HP: 41/113 MP: 12/12
  9703 | Lair:1   | Acquired the +19 crystal plate armour of the Baleful Stag
                  | {rPois rF+ rN+}
  9893 | Lair:1   | Received a gift from Trog
 10085 | Lair:1   | Found a runed translucent door.
 10457 | Lair:1   | Noticed a dire elephant
 10468 | Lair:1   | Killed a dire elephant
 10469 | Lair:1   | Reached skill level 18 in Axes
 10477 | Lair:1   | Identified the staff "Cefate" {*Slow rElec rC+ Will++ Str+8
                  | Ice}
 10901 | Lair:2   | Found a hole to the Spider Nest.
 10910 | Spider:1 | Entered Level 1 of the Spider Nest
 10987 | Spider:1 | Reached skill level 10 in Dodging
 11131 | Spider:1 | Reached skill level 15 in Armour
 11794 | Spider:1 | Reached ****** piety under Trog
 11803 | Spider:1 | Received a gift from Trog
 12239 | Spider:2 | Reached XP level 14. HP: 104/126 MP: 13/13
 12587 | Spider:2 | Reached skill level 19 in Axes
 12915 | Spider:3 | Noticed Donald
 12924 | Spider:3 | Killed Donald
 13306 | Spider:3 | Gained mutation: You occasionally shout uncontrollably at
                  | your foes. [mutagenic glow]
 13419 | Spider:3 | Noticed Arachne
 13437 | Spider:3 | Killed Arachne
 13536 | Spider:3 | Noticed Roxanne
 13552 | Spider:3 | Killed Roxanne
 14083 | Spider:3 | Noticed Asterion
 14086 | Spider:3 | Noticed a cacodemon
 14094 | Spider:3 | Gained mutation: You are clumsy. (Dex -2) [a cacodemon]
 14099 | Spider:3 | Noticed an Executioner
 14111 | Spider:3 | Killed Asterion
 14277 | Spider:4 | Entered Level 4 of the Spider Nest
 14428 | Spider:4 | Noticed a broodmother
 14431 | Spider:4 | Noticed a broodmother
 14437 | Spider:4 | Killed a broodmother
 14443 | Spider:4 | Noticed a broodmother
 14449 | Spider:4 | Killed a broodmother
 14459 | Spider:4 | Reached XP level 15. HP: 134/137 MP: 14/14
 14494 | Spider:4 | Reached skill level 20 in Axes
 14495 | Spider:4 | Noticed an emperor scorpion
 14502 | Spider:4 | Killed an emperor scorpion
 14509 | Spider:4 | Noticed an emperor scorpion
 14516 | Spider:4 | Received a gift from Trog
 14523 | Spider:4 | Killed an emperor scorpion
 14801 | Spider:4 | Got a gossamer rune of Zot
 16127 | Lair:3   | Found a gate leading to a gauntlet.
 16606 | Lair:3   | Noticed Gastronok
 16615 | Lair:3   | Killed Gastronok
 16882 | Lair:3   | Found a staircase to the Shoals.
 17487 | Lair:4   | Reached skill level 15 in Fighting
 18061 | Lair:4   | Found a runed translucent door.
 18061 | Lair:4   | Found a viscous altar of Jiyva.
 18061 | Lair:4   | Found a staircase to the Slime Pits.
 18066 | Lair:4   | Received a gift from Trog
 18351 | Lair:4   | Upgraded the game from 0.31-a0-236-g9a0961fb85 to
                  | 0.31-a0-237-g2d982f9f85
 18354 | Slime:1  | Entered Level 1 of the Pits of Slime
 18519 | Slime:1  | Noticed an acid blob
 18529 | Slime:1  | Killed an acid blob
 18530 | Slime:1  | Reached XP level 16. HP: 115/149 MP: 15/15
 18924 | Slime:2  | Noticed an acid blob
 18924 | Slime:2  | Noticed an acid blob
 18928 | Slime:2  | Killed an acid blob
 18934 | Slime:2  | Killed an acid blob
 18943 | Slime:2  | Reached skill level 21 in Axes
 18949 | Slime:2  | Gained mutation: You are very clumsy. (Dex -4) [a shining
                  | eye]
 18950 | Slime:2  | Gained mutation: You occasionally lose the ability to read
                  | scrolls when taking damage. [a shining eye]
 19373 | Slime:3  | Noticed an acid blob
 19378 | Slime:3  | Noticed an acid blob
 19379 | Slime:3  | Killed an acid blob
 19386 | Slime:3  | Killed an acid blob
 20219 | Slime:4  | Gained mutation: Your magical capacity is low. (-10% MP) [a
                  | shining eye]
 20228 | Slime:4  | Received a gift from Trog
 20236 | Slime:4  | Paralysed by a formless jellyfish for 1 turns
 20342 | Slime:4  | Gained mutation: Your magical capacity is very low. (-20%
                  | MP) [a shining eye]
 20345 | Slime:4  | Gained mutation: You are weak. (Str -2) [a shining eye]
 20349 | Slime:4  | Gained mutation: You have hidden genetic defects. [a
                  | shining eye]
 20533 | Slime:5  | Entered Level 5 of the Pits of Slime
 20563 | Slime:5  | Noticed an acid blob
 20563 | Slime:5  | Gained mutation: You have terrible hidden genetic defects.
                  | [a shining eye]
 20564 | Slime:5  | Noticed an acid blob
 20565 | Slime:5  | Noticed an acid blob
 20566 | Slime:5  | Noticed the Royal Jelly
 20568 | Slime:5  | Gained mutation: You are strong-willed. (Will+) [a shining
                  | eye]
 20569 | Slime:5  | Noticed an acid blob
 20570 | Slime:5  | Noticed an acid blob
 20572 | Slime:5  | Killed an acid blob
 20572 | Slime:5  | Killed an acid blob
 20573 | Slime:5  | Noticed an acid blob
 20573 | Slime:5  | Noticed an acid blob
 20575 | Slime:5  | Killed an acid blob
 20575 | Slime:5  | Noticed an acid blob
 20579 | Slime:5  | Gained mutation: You are vulnerable to heat. (rF-) [a
                  | shining eye]
 20580 | Slime:5  | Splashed by an acid blob's acid

Illustrated notes

Levels and vault maps discovered:
D:1:      sevenhm_arrival_forest_fort_large_2, layout_loops_corners,
          shapermc_ecumenical_altar_venn, minmay_misc_feat_plants,
          hangedman_feature_mirror
D:2:      layout_loops_corners, st_stairs_9
D:3:      layout_rooms, nicolae_overflow_hidden_temple, minivault_27
D:4:      layout_basic, nicolae_ashenzari_skybound, temple_pool_b
D:5:      layout_loops_corners
D:6:      layout_gridville, serial_bayou_ford_a
D:7:      layout_cave_pools, serial_column_ruins, column_ruins_circle_medium,
          column_ruins_hut, column_ruins_grid_3, column_ruins_grid_3,
          column_ruins_corridor_straight, column_ruins_open_small,
          column_ruins_open_small, column_ruins_grid_3
D:8:      layout_basic, lair_entry_dummy, nicolae_ossuary_entry_giza
D:9:      layout_roguey, enter_bailey_2
D:10:     layout_stronghold
Lair:1:   gammafunk_lair_enchanted_lake, layout_chaotic_city, minmay_holes,
          grunt_megastairs_2, lemuel_fruit_tree, uniq_nergalle, uniq_amaemon
Lair:2:   layout_small_grid, hellmonk_spider_entry_life_and_decay,
          serial_rivers, chequers_serial_rivers_large_b,
          chequers_serial_rivers_room_a, chequers_serial_rivers_small_3,
          chequers_serial_rivers_micro_b, chequers_serial_rivers_micro_a,
          grunt_forest_stairs_clearing
Lair:3:   layout_cave_pods, minmay_shoals_entry_beasts, gauntlet_entry_generic,
          grunt_megastairs_4, uniq_gastronok
Lair:4:   layout_cave_pods, slime_entry_2, enter_volcano_1
Spider:1: layout_chambers, lemuel_hornet_nest
Spider:2: layout_spider_delve
Spider:3: layout_spider_delve, drop_trap, hangedman_spider_tarantella_strand,
          uniq_arachne, uniq_asterion, uniq_donald, uniq_roxanne
Spider:4: guppyfry_spider_rune
Slime:1:  layout_caves
Slime:2:  layout_caves
Slime:3:  layout_caves
Slime:4:  layout_caves
Slime:5:  slime_pit_nicolae_amoeboid, uniq_dissolution

Skill      XL: |  1  2  3  4  5  6  7  8  9 10 11 12 13 14 15 16 |
---------------+-------------------------------------------------+-----
Axes           | 4 5 6 7 8 9 11 14 15 16 17 18 19 20 21 | 21.5
Fighting       | 5 7 10 12 13 15 16 | 16.3
Armour         | 4 12 14 15 16 17 18 | 18.7
Dodging        | 4 6 9 10 12 14 | 14.9

Action                     |  1- 3 |  4- 6 |  7- 9 | 10-12 | 13-15 | 16-18 || total
---------------------------+-------+-------+-------+-------+-------+-------++-------
  Melee: Hand axe          |    87 |    68 |    94 |       |       |       ||   249
         Headbutt          |    10 |    10 |    27 |    36 |   133 |    24 ||   240
         Punch             |       |     1 |     2 |       |       |       ||     3
         Battleaxe         |       |       |   121 |   258 |   472 |       ||   851
         Executioner's axe |       |       |       |       |   173 |    92 ||   265
 Invoke: Berserk           |       |     1 |       |     2 |     2 |       ||     5
         Brothers in Arms  |       |       |       |       |       |     2 ||     2
  Evoke: Wand              |       |       |       |       |    13 |       ||    13
    Use: Scroll            |     5 |     3 |    11 |     1 |    13 |       ||    33
         Potion            |       |       |       |     2 |       |       ||     2
 Armour: Animal skin       |     8 |       |       |       |       |       ||     8
         Plate armour      |    24 |    16 |    41 |    48 |       |       ||   129
         Crystal plate arm |       |       |       |       |   383 |   113 ||   496
  Dodge: Dodged            |    39 |    83 |   155 |   248 |   757 |   140 ||  1422

Table legend: (Time is in decaauts)
 A = Elapsed time spent in this place.
 B = Non-inter-level travel time spent in this place.
 C = Inter-level travel time spent in this place.
 D = Time resting spent in this place.
 E = Time spent auto-exploring this place.
 F = Levels seen in this place.
 G = Mean time per level.
                   A        B        C        D        E       F      G
               +--------+--------+--------+--------+--------+-----+--------+
         Total |  20525 |  19454 |   1071 |   2994 |  12940 |  25 |  821.0 |
       Dungeon |   8748 |   8259 |    489 |    583 |   6166 |  10 |  874.8 |
          Lair |   4459 |   4105 |    354 |    257 |   3142 |   4 | 1114.8 |
   Spider Nest |   4440 |   4346 |     94 |   1032 |   2520 |   4 | 1110.0 |
    Slime Pits |   2257 |   2123 |    134 |    910 |    888 |   5 |  451.4 |
       Ossuary |    134 |    134 |      0 |      0 |     84 |   1 |  134.0 |
        Bailey |    485 |    485 |      0 |    211 |    140 |   1 |  485.0 |
               +--------+--------+--------+--------+--------+-----+--------+

Top non-repeatable levels by time:
Spider:3: 1365 daAuts
Spider:1: 1309 daAuts
  Lair:3: 1224 daAuts
  Lair:1: 1142 daAuts
     D:1: 1136 daAuts
  Lair:4: 1100 daAuts
    D:10: 1099 daAuts
Spider:4: 1081 daAuts
     D:2: 1057 daAuts
  Lair:2: 991 daAuts
     D:8: 981 daAuts
     D:6: 973 daAuts
     D:5: 929 daAuts
     D:9: 769 daAuts
     D:4: 723 daAuts
